 Seeded DCSS version 0.28.0-47-ge53b351184 (webtiles) character file.

Game seed: 523019199727972820 (custom seed)

24234 thiscave3701365 the Severer (level 12, -6/110 HPs)
             Began as a Minotaur Berserker on May 10, 2022.
             Was a Priest of Trog.
             Mangled by an 11-headed hydra (12 damage)
             ... on level 2 of the Lair of Beasts.
             The game lasted 00:19:31 (20766 turns).

thiscave3701365 the Severer (Minotaur Berserker)   Turns: 20766, Time: 00:19:32

Health: -6/110     AC: 26    Str: 28    XL:     12   Next: 78%
Magic:  11/11      EV:  4    Int:  4    God:    Trog [***...]
Gold:   600        SH: 15    Dex: 12    Spells: 11/11 levels left

rFire   . . .      SeeInvis .   g - +6 hand axe "Haaruipt" {vorpal, *Rage +Blink rN+ Dex+3}
rCold   . . .      Faith    .   j - +0 tower shield
rNeg    + . .      Spirit   .   C - +0 crystal plate armour
rPois   .          Reflect  .   (helmet restricted)
rElec   .          Harm     .   I - +0 cloak
rCorr   .          Rampage  .   (no gloves)
Will    .....      Rage     20% H - +0 pair of boots
Stlth   ..........              z - amulet of regeneration
HPRegen 1.08/turn               (no ring)
MPRegen 0.12/turn               (no ring)

@: mighty, on berserk cooldown
A: horns 2, retaliatory headbutt
a: Renounce Religion, Evoke Blink, Berserk, Trog's Hand


You were on level 2 of the Lair of Beasts.
You worshipped Trog.
Trog was most pleased with you.
You visited 2 branches of the dungeon, and saw 14 of its levels.

You collected 960 gold pieces.
You spent 360 gold pieces at shops.

Inventory:

Hand Weapons
 g - the +6 hand axe "Haaruipt" (weapon) {vorpal, *Rage +Blink rN+ Dex+3}
   (You acquired it on level 7 of the Dungeon)

   It inflicts extra damage upon your enemies.
   Dex:       It affects your dexterity (+3).
   rN:        It protects you from negative energy.
   +Blink:    It lets you blink.
   *Rage:     It berserks you when you make melee attacks (+20% chance).
Missiles
 i - 2 throwing nets
Armour
 j - a +0 tower shield (worn)
 C - a +0 crystal plate armour (worn)
 H - a +0 pair of boots (worn)
 I - a +0 cloak (worn)
Jewellery
 s - an amulet of guardian spirit
 y - a ring of ice
 z - an amulet of regeneration (around neck)
Wands
 l - a wand of mindburst (12)
 r - a wand of polymorph (7)
 u - a wand of paralysis (9)
 A - a wand of flame (27)
 D - a wand of acid (6)
 F - a wand of charming (4)
 G - a wand of iceblast (5)
Scrolls
 a - a scroll of immolation
 b - 2 scrolls of blinking
 c - a scroll of fog
 d - 4 scrolls of teleportation
 k - 3 scrolls of identify
 o - a scroll of vulnerability
 v - 2 scrolls of summoning
 L - a scroll of noise {unknown}
Potions
 e - 5 potions of curing
 f - 2 potions of resistance
 h - 2 potions of berserk rage
 m - 2 potions of attraction
 p - 2 potions of invisibility
 q - a potion of might
 t - a potion of heal wounds
 w - a potion of lignification
 x - a potion of mutation
 B - 3 potions of cancellation
 E - a potion of brilliance
Miscellaneous
 n - a lightning rod (4/4)
 J - a piece from Xom's chessboard (15/15)
 K - a box of beasts


   Skills:
 + Level 11.4 Fighting
 + Level 15.2 Axes
 + Level 14.9 Armour
 + Level 3.8 Dodging
 + Level 2.5 Stealth
 + Level 9.7 Shields


You had 11 spell levels left.
You didn't know any spells.
Your spell library was empty.

Dungeon Overview and Level Annotations

Branches:
Dungeon (12/15)            Temple (0/1) D:4            Lair (2/6) D:10
    Orc (0/2) D:12
  Swamp: Lair:2-4    Shoals: Lair:2-4     Snake: Lair:2-4    Spider: Lair:2-4

Altars:
Ashenzari
Nemelex Xobeh

Shops:
D:7 *

Annotations:
D:9 1 runed translucent door, GigaChad's ghost, novice MiFi


Innate Abilities, Weirdness & Mutations

You have a pair of horns on your head.
You reflexively headbutt those who attack you in melee.


Message History

The 11-headed hydra bites you but does no damage.
You block the 11-headed hydra's attack. The 11-headed hydra bites you.
* * * LOW HITPOINT WARNING * * *
The 11-headed hydra bites you but does no damage. x3
The 11-headed hydra bites you!
* * * LOW HITPOINT WARNING * * *
The 11-headed hydra bites you.
* * * LOW HITPOINT WARNING * * *
The 11-headed hydra barely misses you.
The 11-headed hydra bites you but does no damage. x2
You feel much better.
You block the 11-headed hydra's attack. x2
The 11-headed hydra bites you.
* * * LOW HITPOINT WARNING * * *
You block the 11-headed hydra's attack.
The 11-headed hydra bites you but does no damage. x3
The 11-headed hydra bites you.
* * * LOW HITPOINT WARNING * * *
The 11-headed hydra bites you!
* * * LOW HITPOINT WARNING * * *
The 11-headed hydra bites you but does no damage.
The 11-headed hydra bites you!
* * * LOW HITPOINT WARNING * * *
You feel much better. The 11-headed hydra bites you.
* * * LOW HITPOINT WARNING * * *
You block the 11-headed hydra's attack. The 11-headed hydra bites you.
* * * LOW HITPOINT WARNING * * *
You block the 11-headed hydra's attack. x2
The 11-headed hydra bites you but does no damage. x2
The 11-headed hydra bites you!
* * * LOW HITPOINT WARNING * * *
The 11-headed hydra bites you.
* * * LOW HITPOINT WARNING * * *
The 11-headed hydra barely misses you.
The 11-headed hydra bites you but does no damage.
You feel very mighty all of a sudden.
The 11-headed hydra bites you but does no damage.
You block the 11-headed hydra's attack. x2; The 11-headed hydra bites you.
* * * LOW HITPOINT WARNING * * *
The 11-headed hydra bites you!
You die...

#..........# ..... #..........##
≈....####............##
...#..................#
......#...............##
≈...#......[...........# ..#
...#...................# ..
....P...........@......# ##.###
................D......# #....###
......##..............P###.......
P...P####............####........
≈....## ##...........#...........
P....P# ##............<.........
......## #P........##.#.........
.......# ##.(.#.#..###.##.......
.......# #######..# #####......


You could see a 11-headed hydra.

Vanquished Creatures
  Josephine (D:10)
  Fannar (Lair:1)
  2 hydras
  3 two-headed ogres
  Erica (D:10)
  A tengu warrior (D:11)
  Urug (D:10)
  Nergalle (D:10)
  2 cyclopes (D:11)
  2 ugly things
  A black mamba (Lair:2)
  Joseph (Lair:1)
  A komodo dragon (Lair:1)
  A troll (D:10)
  Grinder (D:5)
  A hornet (D:9)
  10 blink frogs (Lair:1)
  5 slime creatures (D:12)
  2 shadows
  3 wraiths (D:10)
  29 yaks
  A steam dragon (D:6)
  4 vampire mosquitoes (D:11)
  Menkaure (D:6)
  2 acid dragons
  2 water moccasins (Lair:1)
  6 orc warriors
  2 black bears
  A sky beast (D:7)
  The ghost of Holdthepickle the Archer, an amateur GnHu of Makhleb (D:3)
  8 wolves
  A necrophage (D:6)
  4 ogres
  8 centaurs
  A phantom (D:4)
  2 kobold brigands
  3 bullfrogs
  A wyvern zombie (D:6)
  4 scorpions
  A wyvern skeleton (D:6)
  5 killer bees (D:9)
  9 wights
  A howler monkey (D:4)
  2 electric eels (Lair:2)
  4 centaur zombies
  8 orc priests
  2 gnoll shamans
  A jelly (D:6)
  10 hounds
  5 iguanas
  Ijyb (D:4)
  9 orc wizards
  A hound zombie (D:5)
  A hound skeleton (D:4)
  6 gnolls
  A howler monkey zombie (D:9)
  8 adders
  A hound simulacrum (D:3)
  A white imp (D:7)
  An ufetubus (D:5)
  An adder skeleton (D:4)
  3 worms
  A dart slug (D:4)
  An adder simulacrum (D:3)
  53 orcs
  12 endoplasms
  3 giant cockroaches
  4 goblins
  5 hobgoblins
  6 quokkas
  8 ball pythons
  A ball python simulacrum (D:3)
  6 bats
  A frilled lizard (D:1)
  15 kobolds
  8 rats
328 creatures vanquished.

Vanquished Creatures (others)
  An orc wizard (D:8)
  2 fungi (Lair:2)
  12 plants
15 creatures vanquished.

Grand Total: 343 creatures vanquished

Notes
Turn   | Place    | Note
-------+----------+-------------------------------------------
     0 | D:1      | thiscave3701365 the Minotaur Berserker began the quest for
                  | the Orb.
     0 | D:1      | Reached XP level 1. HP: 19/19 MP: 0/0
   232 | D:1      | Reached XP level 2. HP: 10/27 MP: 1/1
   650 | D:1      | Reached skill level 4 in Axes
  1081 | D:1      | Found a faded altar of an unknown god.
  1421 | D:1      | Reached XP level 3. HP: 32/33 MP: 2/2
  1961 | D:2      | Found a broken altar of Ashenzari.
  2312 | D:2      | Reached skill level 1 in Stealth
  2740 | D:3      | Reached XP level 4. HP: 41/41 MP: 3/3
  2877 | D:3      | Found a runed translucent gate.
  2894 | D:3      | Found a runed translucent gate.
  2894 | D:3      | Found a runed translucent gate.
  2927 | D:3      | Noticed Holdthepickle's ghost (amateur GnHu)
  3566 | D:4      | Noticed Ijyb
  3578 | D:4      | Killed Ijyb
  3775 | D:4      | Reached XP level 5. HP: 42/47 MP: 4/4
  3796 | D:4      | Reached skill level 5 in Axes
  4071 | D:4      | Noticed a phantom
  4080 | D:4      | Killed a phantom
  4081 | D:4      | Reached skill level 6 in Axes
  4081 | D:4      | Reached XP level 6. HP: 55/55 MP: 5/5
  4081 | D:4      | Reached ** piety under Trog
  4433 | D:4      | Reached skill level 5 in Fighting
  4946 | D:4      | Reached skill level 7 in Axes
  5081 | D:4      | Found a staircase to the Ecumenical Temple.
  5129 | D:4      | Reached XP level 7. HP: 61/61 MP: 6/6
  5290 | D:5      | Entered Level 5 of the Dungeon
  5484 | D:5      | Noticed Menkaure
  5498 | D:6      | Killed Menkaure
  5862 | D:5      | Reached skill level 8 in Axes
  5868 | D:5      | Reached skill level 5 in Armour
  6142 | D:5      | Reached XP level 8. HP: 53/70 MP: 5/7
  6377 | D:5      | Noticed Grinder
  6384 | D:5      | Paralysed by Grinder for 4 turns
  6391 | D:5      | Killed Grinder
  7038 | D:6      | Reached skill level 9 in Axes
  8446 | D:7      | Found Poej's Elemental Accessories.
  8453 | D:7      | Bought a lightning rod (4/4) for 360 gold pieces
  8484 | D:7      | Found a sparkling altar of Nemelex Xobeh.
  8574 | D:7      | Reached XP level 9. HP: 78/78 MP: 8/8
  8693 | D:7      | Reached skill level 10 in Axes
  9311 | D:7      | Identified a scroll of acquirement
  9311 | D:7      | Acquired the +6 hand axe "Haaruipt" {vorpal, *Rage +Blink
                  | rN+ Dex+3}
  9379 | D:8      | Noticed a two-headed ogre
  9388 | D:8      | Killed a two-headed ogre
  9389 | D:8      | Reached skill level 11 in Axes
  9591 | D:8      | Reached *** piety under Trog
  9666 | D:8      | Reached skill level 1 in Shields
 10191 | D:8      | Reached skill level 10 in Armour
 10191 | D:8      | Reached XP level 10. HP: 69/88 MP: 9/9
 10298 | D:8      | Reached skill level 12 in Axes
 10785 | D:8      | Noticed a seven-headed hydra
 10796 | D:8      | Killed a 13-headed hydra
 11425 | D:9      | Found a runed translucent door.
 11429 | D:9      | Noticed GigaChad's ghost (novice MiFi)
 11455 | D:9      | Paralysed by a hornet for 3 turns
 12832 | D:9      | Noticed a seven-headed hydra
 12845 | D:9      | Killed a 17-headed hydra
 12846 | D:9      | Reached XP level 11. HP: 23/97 MP: 10/10
 13380 | D:3      | Killed Holdthepickle's ghost
 13500 | D:7      | Reached skill level 13 in Axes
 13547 | D:10     | Entered Level 10 of the Dungeon
 13548 | D:10     | Noticed Josephine
 13556 | D:10     | Reached skill level 5 in Shields
 13561 | D:10     | Killed Josephine
 13940 | D:10     | Noticed Erica
 13948 | D:10     | Killed Erica
 13951 | D:10     | Noticed Nergalle
 13985 | D:10     | Killed Nergalle
 14224 | D:10     | Found a staircase to the Lair.
 14642 | D:10     | Noticed Urug
 14650 | D:10     | Killed Urug
 15254 | D:10     | Reached skill level 10 in Fighting
 15258 | D:10     | Reached skill level 14 in Axes
 15618 | D:11     | Noticed a white ugly thing
 15624 | D:11     | Killed a white ugly thing
 16148 | D:11     | Noticed a tengu warrior
 16159 | D:11     | Killed a tengu warrior
 16160 | D:11     | Reached XP level 12. HP: 107/107 MP: 11/11
 16793 | D:12     | Noticed a two-headed ogre
 16800 | D:12     | Killed a two-headed ogre
 17174 | D:12     | Found a staircase to the Orcish Mines.
 17937 | D:12     | Noticed a two-headed ogre
 17945 | D:12     | Killed a two-headed ogre
 18552 | Lair:1   | Entered Level 1 of the Lair of Beasts
 18633 | Lair:1   | Noticed Fannar
 18644 | Lair:1   | Killed Fannar
 19044 | Lair:1   | Reached skill level 15 in Axes
 19425 | Lair:1   | Noticed Joseph
 19438 | Lair:1   | Killed Joseph
 19738 | Lair:1   | Reached **** piety under Trog
 20750 | Lair:2   | Noticed a four-headed hydra
 20764 | Lair:2   | HP: 5/110 [11-headed hydra (10)]
 20766 | Lair:2   | Mangled by an 11-headed hydra

Illustrated notes

Levels and vault maps discovered:
D:1:      minmay_arrival_floating_metal, layout_loops_corners,
          shapermc_ecumenical_altar_notcrosses, minivault_11
D:2:      layout_basic, basic_altar
D:3:      layout_basic, gammafunk_ghost_icy
D:4:      minmay_chambers_of_twos, layout_loops_cross,
          minmay_temple_entry_fiery, minmay_fractal_squares_5, uniq_ijyb
D:5:      layout_rooms, serial_bayou_lagoon_a, uniq_grinder, uniq_menkaure
D:6:      layout_loops_ring, grunt_decor_fettered, kennysheep_small_circle
D:7:      layout_loops_ring, mainiacjoe_overflow_small_starburst,
          nicolae_elemental_shop
D:8:      layout_rooms
D:9:      layout_stronghold, ebering_ghost_reflecting_pool
D:10:     layout_small_grid, erik_lair_island, uniq_urug, uniq_nergalle,
          uniq_josephine, uniq_erica
D:11:     layout_rooms, minivault_25_ag
D:12:     layout_roguey, hiddenorc2_lemuel
Lair:1:   layout_roguey, grunt_megastairs_4, lemuel_fruit_tree, uniq_fannar,
          uniq_joseph
Lair:2:   layout_cave_pods, swamp_mist, eino_house_with_fridge,
          serial_bayou_shore_a, infiniplex_staircase_pool_2

Skill      XL: |  1  2  3  4  5  6  7  8  9 10 11 12 |
---------------+-------------------------------------+-----
Fighting       | 4 5 6 7 9 10 11 | 11.4
Axes           | 4 6 7 8 9 11 12 14 15 | 15.2
Stealth        | 1 2 |  2.5
Armour         | 3 5 8 10 11 13 14 | 14.9
Dodging        | 3 |  3.8
Shields        | 2 4 7 9 |  9.7

Action                   |  1- 3 |  4- 6 |  7- 9 | 10-12 || total
-------------------------+-------+-------+-------+-------++-------
Melee: Hand axe          |    84 |   131 |   288 |   398 ||   901
       Headbutt          |    10 |    17 |    59 |    86 ||   172
       Punch             |     1 |       |     3 |       ||     4
       Unarmed           |       |     4 |       |       ||     4
Invok: Berserk           |     3 |     6 |    15 |    20 ||    44
  Use: Scroll            |       |       |     1 |    22 ||    23
       Potion            |       |       |       |     3 ||     3
 Stab: Sleeping          |     2 |       |       |       ||     2
Armor: Animal skin       |    14 |       |       |       ||    14
       Chain mail        |     3 |    70 |    69 |       ||   142
       Crystal plate arm |       |       |   130 |   295 ||   425
Dodge: Dodged            |    48 |    60 |   107 |    58 ||   273
Block: Tower shield      |       |       |    59 |   282 ||   341
